 Dungeon Crawl Stone Soup version 0.30-a0-756-gc2185399d4 (webtiles) character file.

Game seed: 10175407477741557541

10087 Leeroy the Carver (level 11, -9/54 HPs)
             Began as a Vine Stalker Warper on Feb 9, 2023.
             Was a Priest of Uskayaw.
             Mangled by a death yak (11 damage)
             ... on level 1 of the Lair of Beasts.
             The game lasted 00:16:08 (8455 turns).

Leeroy the Carver (Vine Stalker Warper)             Turns: 8455, Time: 00:16:08

Health: -9/54      AC: 27    Str: 24    XL:     11   Next: 56%
Magic:  0/16       EV: 12    Int: 13    God:    Uskayaw [***...]
Gold:   657        SH:  0    Dex: 18    Spells: 7/16 levels left

rFire   + . .      SeeInvis .    W - +4 scimitar (protect)
rCold   + . .      Faith    .    (no shield)
rNeg    . . .      Spirit   +    Y - +0 gold dragon scales
rPois   +          Reflect  .    k - +0 helmet
rElec   .          Harm     .    n - +2 cloak
rCorr   .          Rampage  .    (no gloves)
Will    +....                    (no boots) Stlth
                                 (no amulet)
HPRegen 1.09/turn                b - +6 ring of strength
MPRegen 0.15/turn                R - ring of Uprot {*Corrode EV+5 Str+4}

@: under a protective aura
A: fangs 3, regeneration 1, magic shield, antimagic bite, no potion heal 2
a: Renounce Religion, Stomp, Line Pass


You were on level 1 of the Lair of Beasts.
You worshipped Uskayaw.
Uskayaw was noncommittal.
You visited 3 branches of the dungeon, and saw 11 of its levels.
You also visited: Sewer and Ossuary.

You collected 657 gold pieces.

Inventory:

Hand Weapons
 a - a +2 dagger of electrocution
 z - a +2 vampiric dagger
 S - a +1 dagger of freezing
 W - a +4 scimitar of protection (weapon)
 X - a +5 dagger
Missiles
 c - a throwing net
 d - 7 boomerangs of dispersal (quivered)
 f - 30 poisoned darts
Armour
 k - a +0 helmet (worn)
 n - a +2 cloak (worn)
 s - the +0 leather armour of Duck's Teeth {Dex+4}
   (You found it on level 3 of the Dungeon)

   Dex:       It affects your dexterity (+4).
 O - a +2 robe of positive energy
 U - a +2 leather armour of cold resistance
 Y - +0 gold dragon scales (worn)
 Z - +0 steam dragon scales
Magical Staves
 h - a staff of cold
Jewellery
 b - a +6 ring of strength (left hand)
 u - a ring of magical power
 x - a ring of resist corrosion
 K - a +4 ring of protection
 Q - a ring of see invisible
 R - the ring of Uprot (right hand) {*Corrode EV+5 Str+4}
   (You found it on level 6 of the Dungeon)

   [ring of evasion]

   EV:        It affects your evasion (+5).
   Str:       It affects your strength (+4).
   *Corrode:  It may corrode you when you take damage.
Wands
 I - a wand of roots (1)
 T - a wand of flame (25)
Scrolls
 e - 6 scrolls of fog
 l - a scroll of magic mapping
 p - 6 scrolls of noise
 r - 2 scrolls of fear
 v - 3 scrolls of enchant weapon
 y - 3 scrolls of immolation
 A - a scroll of poison
 B - a scroll of brand weapon
 F - 2 scrolls of enchant armour
 H - 3 scrolls of amnesia
 N - a scroll of vulnerability
 P - a scroll of silence
 V - a scroll of teleportation
Potions
 g - 4 potions of brilliance
 i - 11 potions of curing
 j - 3 potions of might
 m - 2 potions of berserk rage
 o - a potion of flight
 q - 4 potions of mutation
 t - 13 potions of degeneration
 w - 4 potions of attraction
 D - 2 potions of haste
 E - 5 potions of resistance {unknown}
 G - a potion of heal wounds
 J - a potion of magic {unknown}
 L - 2 potions of ambrosia {unknown}
 M - a potion of invisibility {unknown}


   Skills:
 - Level 4.4 Fighting
 + Level 10.6 Long Blades
 - Level 0.8 Throwing
 - Level 7.0 Armour
 - Level 8.0 Dodging
 - Level 3.1 Spellcasting
 - Level 3.0 Translocations
 - Level 3.0 Air Magic


You had 7 spell levels left.
You knew the following spells:

 Your Spells              Type           Power      Damage    Failure   Level
a - Blink                 Tloc           18%        N/A       100%        2
b - Vhi's Electric Charg  Tloc/Air       18%        N/A       100%        3
c - Manifold Assault      Tloc           9%         N/A       100%        4

Your spell library contained the following spells:

 Spells                   Type           Power      Damage    Failure   Level
 Lesser Beckoning         Tloc           18%        N/A       100%        2
 Teleport Other           Tloc           9%         N/A       100%        3
 Airstrike                Air            4%         2d(1-17)  100%        4
 Summon Lightning Spire   Summ/Air       5%         N/A       100%        4
 Arcjolt                  Conj/Air       2%         1d12      100%        5
 Lightning Bolt           Conj/Air       2%         1d14      100%        5
 Maxwell's Capacitive Co  Air            4%         ∞         100%        8


Dungeon Overview and Level Annotations

Branches:
Dungeon (9/15)             Temple (1/1) D:4            Lair (1/5) D:9
    Orc (0/2) D:9           Sewer (visited)         Ossuary (visited)

Altars:
Ashenzari
Elyvilon
Fedhas
Gozag
Hepliaklqana
Nemelex Xobeh
Ru
Sif Muna
Trog
Uskayaw
Vehumet
Wu Jian
Xom
Zin


Innate Abilities, Weirdness & Mutations

You have razor-sharp teeth.
Your natural rate of healing is unusually fast.
When hurt, damage is shared between your health and your magic reserves.
Your bite disrupts and absorbs the magic of your enemies.
Potions cannot restore your health.


Message History

You completely miss the death yak.
You bite the death yak, but do no damage.
The death yak is lightly wounded.
The death yak gores you but does no damage. x2
You hit the death yak but do no damage. You bite the death yak.
You drain its power.
You feel invigorated.
The death yak is lightly wounded.
You slash the death yak!
The death yak is moderately wounded.
The death yak barely misses you.
The death yak gores you but does no damage.
The death yak barely misses you.
Uskayaw will force your foes to helplessly watch your dance.
You slash the death yak!
The death yak is moderately wounded.
The death yak misses you. The death yak gores you! The death yak gores you!!
The death yak barely misses you.
The death yak gores you but does no damage.
You are too injured to fight recklessly!
Casting: Vhi's Electric Charge (extremely dangerous; 100% risk of failure)
Confirm with . or Enter, or press ? or * to list all spells.
Okay, then.
Okay, then.
The death yak attacks as you move away! The death yak gores you.
* * * LOW HITPOINT WARNING * * *
The death yak attacks as you move away! The death yak gores you!
* * * LOW HITPOINT WARNING * * *
The death yak attacks as you move away!
The death yak gores you but does no damage.
The death yak gores you.
* * * LOW HITPOINT WARNING * * *
The death yak gores you but does no damage.
As you read the scroll of fear, it crumbles to dust.
You assume a fearsome visage.
The death yak looks frightened!
The death yak resists with almost no effort. x2
The death yak looks frightened!
The death yak resists with some effort.
The death yak looks frightened!
The death yak gores you but does no damage.
The death yak gores you!
You die...

..... #..
#....###..####
#..#.........##
.##.#..............
...................
..................
......Y.YY.........
###Y.Y...........
#...@Y###...##...
#......##........
#................
#............P...
#.......#........
.........#........
.#P............#...
...............#...
...................


You could see 6 death yaks.

Vanquished Creatures
  Pikel (D:6)
  A troll (D:9)
  Grinder (D:6)
  Sigmund (D:3)
  Eustachio (D:5)
  A wraith (D:9)
  2 wyverns (D:9)
  27 yaks
  A steam dragon (D:7)
  Edmund (D:6)
  An acid dragon (D:9)
  A water moccasin (Lair:1)
  4 orc warriors (D:9)
  3 ice beasts
  2 sky beasts
  A black bear (D:6)
  4 ogres
  3 wolves (Lair:1)
  2 centaurs
  2 kobold brigands
  A necrophage (D:6)
  8 bullfrogs
  A gnoll sergeant (D:8)
  A scorpion (D:5)
  6 wights
  6 killer bees (D:9)
  4 orc priests
  5 hounds
  2 jellies
  Terence (D:3)
  9 orc wizards
  3 iguanas (D:5)
  2 mummies (Ossuary)
  14 adders
  8 gnolls
  6 river rats (Sewer)
  A shadow imp (D:6)
  2 white imps
  2 worms
  5 dart slugs
  24 orcs
  24 ball pythons
  2 endoplasms
  4 giant cockroaches
  8 goblins
  6 hobgoblins
  6 jackals
  6 quokkas
  5 bats
  4 frilled lizards
  2 gnoll zombies (Ossuary)
  A goblin zombie (Ossuary)
  2 hobgoblin zombies (Ossuary)
  14 kobolds
  2 kobold zombies (Ossuary)
  An orc zombie (Ossuary)
  28 rats
286 creatures vanquished.

Vanquished Creatures (others)
  An ufetubus (D:7)
1 creature vanquished.

Grand Total: 287 creatures vanquished

Notes
Turn   | Place    | Note
-------+----------+-------------------------------------------
     0 | D:1      | Leeroy the Vine Stalker Warper began the quest for the Orb.
     0 | D:1      | Reached XP level 1. HP: 11/11 MP: 4/4
    47 | D:1      | Reached skill level 2 in Long Blades
   123 | D:1      | Reached XP level 2. HP: 9/15 MP: 3/6
   366 | D:1      | Learned a level 2 spell: Blink
   532 | D:1      | Found a faded altar of an unknown god.
   868 | D:2      | Reached skill level 3 in Long Blades
   879 | D:2      | Reached XP level 3. HP: 17/18 MP: 5/7
  1250 | D:2      | Gained mutation: Your natural rate of healing is unusually
                  | fast. [Vine Stalker growth]
  1250 | D:2      | Reached XP level 4. HP: 22/23 MP: 9/9
  1575 | D:3      | Noticed Terence
  1583 | D:3      | Killed Terence
  1590 | D:3      | Identified the +0 leather armour of Duck's Teeth {Dex+4}
  1645 | D:3      | Noticed Sigmund
  1653 | D:3      | Killed Sigmund
  1654 | D:3      | Reached XP level 5. HP: 29/29 MP: 7/10
  1654 | D:3      | Reached XP level 6. HP: 33/33 MP: 7/11
  2301 | D:4      | Found a staircase to the Ecumenical Temple.
  2317 | Temple   | Entered the Ecumenical Temple
  2341 | Temple   | Became a worshipper of Uskayaw the Reveller
  2446 | D:4      | Reached * piety under Uskayaw
  2735 | D:4      | Found a glowing drain.
  2891 | Sewer    | Entered a sewer
  2911 | Sewer    | Reached ** piety under Uskayaw
  3179 | Sewer    | Reached skill level 4 in Long Blades
  3220 | Sewer    | Reached *** piety under Uskayaw
  3264 | Sewer    | Reached XP level 7. HP: 24/38 MP: 8/12
  3272 | Sewer    | Reached skill level 5 in Long Blades
  3275 | Sewer    | Reached **** piety under Uskayaw
  3486 | D:4      | Learned a level 3 spell: Vhi's Electric Charge
  3721 | D:5      | Entered Level 5 of the Dungeon
  3745 | D:5      | Reached skill level 1 in Air Magic
  3900 | D:5      | HP: 1/38 [ogre/+0 giant spiked club (21)]
  3935 | D:5      | Found a sand-covered staircase.
  3942 | Ossuary  | Entered an ossuary
  4772 | D:5      | Noticed Eustachio
  4777 | D:5      | Gained mutation: You have razor-sharp teeth. [Vine Stalker
                  | growth]
  4777 | D:5      | Reached XP level 8. HP: 41/42 MP: 13/13
  4781 | D:5      | Killed Eustachio
  4782 | D:5      | Reached skill level 6 in Long Blades
  4824 | D:5      | Reached ***** piety under Uskayaw
  4831 | D:5      | Reached skill level 7 in Long Blades
  4861 | D:5      | Learned a level 4 spell: Manifold Assault
  5166 | D:6      | Noticed Grinder
  5172 | D:6      | Paralysed by Grinder for 2 turns
  5187 | D:6      | Killed Grinder
  5265 | D:6      | Reached XP level 9. HP: 46/46 MP: 14/14
  5280 | D:6      | Identified the ring of Uprot {*Corrode EV+5 Str+4}
  5331 | D:6      | Reached skill level 5 in Dodging
  5481 | D:6      | Found a radiant altar of Vehumet.
  5562 | D:6      | Noticed Pikel
  5574 | D:6      | Killed Pikel
  5614 | D:6      | Noticed Edmund
  5633 | D:6      | Killed Edmund
  5729 | D:6      | Identified the +5 short sword of False Hope {flame, rN+}
  6003 | D:7      | Reached skill level 1 in Armour
  6040 | D:7      | Reached XP level 10. HP: 51/51 MP: 13/15
  6861 | D:8      | Noticed a boulder beetle
  6914 | D:8      | HP: 1/51 [boulder beetle (9)]
  7165 | D:8      | Found a glowing silver altar of Zin.
  7165 | D:8      | Found a sparkling altar of Nemelex Xobeh.
  7181 | D:8      | Reached skill level 5 in Armour
  7677 | D:9      | Reached ****** piety under Uskayaw
  7703 | D:9      | Found a staircase to the Lair.
  7732 | D:9      | Found a hazy altar of Hepliaklqana.
  7910 | D:9      | Reached skill level 8 in Long Blades
  7911 | D:9      | Reached XP level 11. HP: 54/54 MP: 16/16
  7951 | D:9      | Found a staircase to the Orcish Mines.
  8027 | D:9      | Reached skill level 9 in Long Blades
  8121 | D:9      | Reached skill level 10 in Long Blades
  8375 | Lair:1   | Entered Level 1 of the Lair of Beasts
  8439 | Lair:1   | Noticed a death yak
  8439 | Lair:1   | Noticed a death yak
  8441 | Lair:1   | Noticed a death yak
  8441 | Lair:1   | Noticed a death yak
  8441 | Lair:1   | Noticed a death yak
  8443 | Lair:1   | Noticed a death yak
  8454 | Lair:1   | HP: 1/54 [death yak (4)]
  8455 | Lair:1   | Mangled by a death yak

Illustrated notes

Levels and vault maps discovered:
D:1:      wander_arrival_chamber, layout_basic,
          shapermc_ecumenical_altar_mp_vishouse
D:2:      layout_loops_cross
D:3:      layout_loops_ring, uniq_terence, uniq_sigmund
D:4:      layout_layer_cave, minmay_temple_entry_waves, portal_sewer_entry_e,
          minmay_door_square, minmay_snake_closets
D:5:      layout_cave_pools, chequers_ossuary_entry_cave, uniq_eustachio
D:6:      layout_gridville, fiery_altar_vehumet, uniq_pikel, uniq_grinder,
          uniq_edmund
D:7:      layout_cave_pools, st_stairs_7, nrook_loot_triangle
D:8:      nicolae_cairo_tiling_very_big, layout_basic, jmf_multi_god_temple,
          minmay_holes
D:9:      layout_roguey, mainiacjoe_overflow_paths, lair_entry_dummy,
          david_orc_4
Temple:   compressed_dpeg_circular_temple
Lair:1:   layout_gridlike

Skill      XL: |  1  2  3  4  5  6  7  8  9 10 11 |
---------------+----------------------------------+-----
Long Blades    | 2 3 4 5 7 8 10 | 10.6
Dodging        | 2 4 8 |  8.0
Spellcasting   | 3 |  3.1
Fighting       | 4 |  4.4
Air Magic      | 3 |  3.0
Armour         | 1 7 |  7.0
Throwing       | |  0.8
Translocations | |  3.0

Action                     |  1- 3 |  4- 6 |  7- 9 | 10-12 || total
---------------------------+-------+-------+-------+-------++-------
  Melee: Falchion          |    86 |    58 |       |       ||   144
         Bite              |    21 |    50 |   150 |   153 ||   374
         Dagger            |       |   203 |   404 |   151 ||   758
         Punch             |       |     1 |     8 |     8 ||    17
         Scimitar          |       |       |       |   258 ||   258
   Cast: Blink             |       |       |     2 |       ||     2
         Vhi's Electric Ch |       |       |     5 |       ||     5
    Use: Scroll            |       |       |    18 |     7 ||    25
         Potion            |       |       |     2 |       ||     2
   Stab: Sleeping          |       |     3 |     5 |       ||     8
         Paralysed         |       |       |    16 |    28 ||    44
 Armour: Leather armour    |    47 |   116 |   101 |       ||   264
         Gold dragon scale |       |       |    41 |   251 ||   292
  Dodge: Dodged            |    82 |   203 |   295 |   240 ||   820

Table legend: (Time is in decaauts)
 A = Elapsed time spent in this place.
 B = Non-inter-level travel time spent in this place.
 C = Inter-level travel time spent in this place.
 D = Time resting spent in this place.
 E = Time spent auto-exploring this place.
 F = Levels seen in this place.
 G = Mean time per level.
                   A        B        C        D        E       F      G
               +--------+--------+--------+--------+--------+-----+--------+
         Total |   8390 |   8042 |    348 |    456 |   5228 |  13 |  645.4 |
       Dungeon |   7438 |   7104 |    334 |    334 |   4798 |   9 |  826.4 |
        Temple |     39 |     25 |     14 |      0 |     12 |   1 |   39.0 |
          Lair |     76 |     76 |      0 |      0 |     42 |   1 |   76.0 |
         Sewer |    445 |    445 |      0 |      0 |    213 |   1 |  445.0 |
       Ossuary |    390 |    390 |      0 |    122 |    163 |   1 |  390.0 |
               +--------+--------+--------+--------+--------+-----+--------+

Top non-repeatable levels by time:
     D:4: 1224 daAuts
     D:3: 932 daAuts
     D:8: 926 daAuts
     D:6: 770 daAuts
     D:1: 767 daAuts
     D:9: 759 daAuts
     D:7: 734 daAuts
     D:5: 682 daAuts
     D:2: 641 daAuts
   Sewer: 445 daAuts
 Ossuary: 390 daAuts
  Lair:1: 76 daAuts
  Temple: 39 daAuts
